 Dungeon Crawl Stone Soup version 0.17-a0-1989-gfb2cd5c (webtiles) character file.

75 Ordine the Twirler (level 4, -2/37 HPs)
             Began as a Minotaur Gladiator on Oct 7, 2015.
             Killed by divine providence
             ... invoked by an orc priest
              (12 damage)
             ... on level 3 of the Dungeon.
             The game lasted 00:04:22 (1809 turns).

Ordine the Twirler (Minotaur Gladiator)             Turns: 1809, Time: 00:04:22

Health: -2/37      AC:  4    Str: 19    XL:     4   Next: 11%
Magic:  3/3        EV: 12    Int:  5    God:
Gold:   67         SH:  0    Dex: 12    Spells: 0 memorised, 3 levels left

rFire  . . .     SeeInvis .     a - +0 quarterstaff
rCold  . . .     Clarity  .     b - +0 leather armour
rNeg   . . .     SustAt   .     (no shield)
rPois  .         Gourm    .     c - +1 hat
rElec  .         Spirit   .     (no cloak)
rCorr  .         Warding  .     (no gloves)
rMut   .         Stasis   +     (no boots)
MR     +....                    j - amulet of stasis
Stlth  +.........               (no ring)
                                n - ring of protection from magic

@: somewhat resistant to hostile enchantments, very unstealthy
A: retaliatory headbutt, horns 2
a: no special abilities


You were on level 3 of the Dungeon.
You were hungry.

You visited 1 branch of the dungeon, and saw 3 of its levels.

You collected 67 gold pieces.

Inventory:

Hand Weapons
 a - a +0 quarterstaff (weapon)
Missiles
 d - 3 throwing nets (quivered)
Armour
 b - a +0 leather armour (worn)
 c - a +1 hat (worn)
Jewellery
 j - an amulet of stasis (around neck)
 n - a ring of protection from magic (left hand)
Scrolls
 k - 2 scrolls of teleportation
 l - 2 scrolls of remove curse
Potions
 i - a potion of heal wounds
 m - a potion of curing
 p - a potion of ambrosia
Comestibles
 e - 2 bread rations


   Skills:
 - Level 2.4 Fighting
 + Level 6.0 Staves
 - Level 2.0 Throwing
 - Level 3.2 Dodging


You had 3 spell levels left.
You didn't know any spells.

Dungeon Overview and Level Annotations

Branches:
Dungeon (3/15)

Altars:
Ashenzari
Fedhas
Kikubaaqudgha


Innate Abilities, Weirdness & Mutations

You reflexively headbutt those who attack you in melee.
You have a pair of horns on your head.


Message History

The orc priest calls down the wrath of Beogh upon you.
Something smites you!
You barely miss the orc priest.
The orc priest is heavily wounded.
The orc priest hits you with a falchion.
* * * LOW HITPOINT WARNING * * *
You are too injured to fight recklessly!
You are too injured to fight recklessly!
You are too injured to fight recklessly!
You are too injured to fight recklessly!
You closely miss the orc priest.
The orc priest is heavily wounded.
The orc priest completely misses you.
You barely miss the orc priest.
The orc priest is heavily wounded.
You closely miss the orc priest. Your headbutt misses the orc priest.
The orc priest is heavily wounded.
The orc priest invokes the aid of Beogh against you.
Something smites you!
You die...

...
...........#
...........#
...........#
...........#
...........#
...........#
..........#
#######...#
#@### #o#
#o# #o# !..
... ...
.....


You could see an orc priest and 2 orcs.

Vanquished Creatures
  An adder (D:2)
  2 oozes (D:3)
  3 worms
  An orc (D:3)
  2 bats (D:1)
  4 giant cockroaches
  3 goblins
  4 hobgoblins
  9 jackals (D:1)
  A quokka (D:2)
  2 giant newts (D:1)
  7 kobolds
  6 rats
45 creatures vanquished.

Notes
Turn   | Place    | Note
--------------------------------------------------------------
     0 | D:1      | Ordine the Minotaur Gladiator began the quest for the Orb.
     0 | D:1      | Reached XP level 1. HP: 18/18 MP: 0/0
    17 | D:1      | Reached skill level 4 in Staves
    40 | D:1      | Reached XP level 2. HP: 19/25 MP: 1/1
   249 | D:1      | Found a shattered altar of Ashenzari.
   357 | D:1      | Reached skill level 5 in Staves
   641 | D:1      | Reached XP level 3. HP: 22/30 MP: 2/2
  1457 | D:2      | Found an ancient bone altar of Kikubaaqudgha.
  1457 | D:2      | Found a blossoming altar of Fedhas.
  1765 | D:3      | Reached XP level 4. HP: 33/37 MP: 3/3
  1795 | D:3      | Reached skill level 6 in Staves
  1809 | D:3      | Killed from afar by an orc priest

Vault maps used:
D:1:      nicolae_arrival_washed_ashore, evilmike_ruin_ashenzari
D:2:      grunt_temple_overflow_growth_and_decay, first_bread,
          minmay_large_rounded_square, grunt_decor_fettered
D:3:      uniq_robin

Action                   |  1- 3 |  4- 6 || total
-------------------------+-------+-------++-------
Melee: Quarterstaff      |    83 |    13 ||    96
  Use: Scroll            |     9 |       ||     9
  Eat: Chunk             |     2 |       ||     2
